 Dungeon Crawl Stone Soup version 0.23-a0-183-gf37f6fb (webtiles) character file.

216 Merlin the Shield-Bearer (level 5, -9/47 HPs)
             Began as a Minotaur Fighter on Sept 22, 2018.
             Was an Initiate of Ru.
             Mangled by a crocodile (10 damage)
             ... in a sewer on Sept 23, 2018.
             The game lasted 00:07:09 (1887 turns).

Merlin the Shield-Bearer (Minotaur Fighter)         Turns: 1887, Time: 00:07:09

Health: -9/47      AC:  7    Str: 25    XL:     5   Next: 61%
Magic:  4/4        EV:  7    Int:  5    God:    Ru [......]
Gold:   196        SH: 10    Dex: 11    Spells: 4/4 levels left

rFire    . . .     SeeInvis .   a - +0 war axe
rCold    . . .     Gourm    .   c - +0 shield
rNeg     . . .     Faith    .   b - +0 scale mail
rPois    .         Spirit   .   (helmet restricted)
rElec    .         Reflect  .   (no cloak)
rCorr    .         Harm     .   (no gloves)
MR       .....                  (no boots)
Stlth    ..........             (no amulet)
HPRegen  0.15/turn              (no ring)
MPRegen  0.09/turn              (no ring)

@: mighty
A: retaliatory headbutt, horns 2
a: Renounce Religion


You were in a sewer.
You worshipped Ru.
Ru was noncommittal.
You were not hungry.

You visited 1 branch of the dungeon, and saw 3 of its levels.
You also visited: Sewer.

You collected 196 gold pieces.

Inventory:

Hand Weapons
 a - a +0 war axe (weapon)
Armour
 b - a +0 scale mail (worn)
 c - a +0 shield (worn)
Jewellery
 e - a cursed amulet of inaccuracy {unknown}
 i - an uncursed ring of stealth {unknown}
Scrolls
 g - a scroll of teleportation {unknown}
 h - a scroll of enchant armour {unknown}
 k - 2 scrolls of remove curse {unknown}
 l - 3 scrolls of identify {unknown}
 m - a scroll of fear {unknown}
 p - a scroll of magic mapping {unknown}
 s - a scroll of blinking {unknown}
 t - 3 scrolls of immolation {unknown}
Potions
 j - a potion of curing
 o - a potion of degeneration {unknown}
 q - a potion of heal wounds {unknown}
 r - 2 potions of brilliance {unknown}
Comestibles
 f - 7 rations
 n - 3 chunks of flesh


   Skills:
 + Level 4.7 Fighting
 * Level 4.7 Axes
 + Level 4.7 Armour
 + Level 4.7 Shields


You had 4 spell levels left.
You didn't know any spells.
Your spell library was empty.

Dungeon Overview and Level Annotations

Branches:
Dungeon (3/15)

Altars:
Kikubaaqudgha
Ru


Innate Abilities, Weirdness & Mutations

You reflexively headbutt those who attack you in melee.
You have a pair of horns on your head.


Message History

Here: a crocodile The floor.
You feel very mighty all of a sudden.
Found a metal-bound book and 26 gold pieces.
You closely miss the crocodile. The crocodile bites you! x2
You closely miss the crocodile.
You headbutt the crocodile, but do no damage.
The crocodile bites you but does no damage.
You closely miss the crocodile. Your headbutt misses the crocodile.
The crocodile bites you! The crocodile bites you.
Your shield and scale mail prevent you from hitting the crocodile.
Your headbutt misses the crocodile. The crocodile bites you!
* * * LOW HITPOINT WARNING * * *
You barely miss the crocodile. You headbutt the crocodile.
The crocodile is moderately wounded.
You block the crocodile's attack.
You slash the crocodile!
The crocodile is heavily wounded.
The crocodile bites you!
You die...

##...## ##.## #.#
#.# ### #.# ....
#.# ..... #.#
$.....####.########
:.....t@..........∩
$.....#############
..... .... ###


You could see a crocodile.

Vanquished Creatures
  A hound (D:2)
  2 orc wizards (D:3)
  2 adders (D:3)
  An ooze (D:2)
  3 worms (D:3)
  12 dart slugs
  A leopard gecko (D:2)
  7 orcs (D:3)
  A ball python (D:2)
  4 bat skeletons (D:2)
  A bat zombie (D:2)
  3 giant cockroaches
  5 goblins
  5 hobgoblins
  2 jackals (D:1)
  9 kobolds
  10 bats
  5 frilled lizards
  8 rats
82 creatures vanquished.

Vanquished Creatures (others)
  An orc (D:3)
1 creature vanquished.

Grand Total: 83 creatures vanquished

Notes
Turn   | Place    | Note
-------+----------+-------------------------------------------
     0 | D:1      | Merlin the Minotaur Fighter began the quest for the Orb.
     0 | D:1      | Reached XP level 1. HP: 19/19 MP: 0/0
   139 | D:1      | Reached XP level 2. HP: 22/27 MP: 1/1
   566 | D:1      | You fall through a shaft!
   577 | D:2      | Reached XP level 3. HP: 30/33 MP: 2/2
   756 | D:2      | Reached XP level 4. HP: 30/40 MP: 3/3
  1124 | D:2      | Found an ancient bone altar of Kikubaaqudgha.
  1389 | D:3      | Reached XP level 5. HP: 19/47 MP: 4/4
  1564 | D:3      | Found a sacrificial altar of Ru.
  1596 | D:3      | Became a worshipper of Ru the Awakened
  1762 | D:3      | Found a glowing drain.
  1781 | Sewer    | Entered a sewer
  1878 | Sewer    | Noticed a crocodile
  1885 | Sewer    | HP: 1/47 [crocodile (14)]
  1887 | Sewer    | Mangled by a crocodile

Vault maps used:
D:1:      lightli_molten_gateway
D:2:      kennysheep_vampire_church
D:3:      kennysheep_slugbush, old_standard_altar, cheibriados_altar_1,
          cheibrodos_sewer_entry_bend
Sewer:    sewer_big_baddie

Skill      XL: |  1  2  3  4 |
---------------+-------------+-----
Axes           | 3 4 |  4.7
Fighting       | 4 |  4.7
Armour         | 4 |  4.7
Shields        | 4 |  4.7

Action                   |  1- 3 |  4- 6 || total
-------------------------+-------+-------++-------
Melee: War axe           |    87 |   101 ||   188
       Headbutt          |    12 |    21 ||    33
  Use: Potion            |       |     2 ||     2
       Scroll            |       |     1 ||     1
  Eat: Chunk             |       |     4 ||     4
Armor: Scale mail        |    48 |    46 ||    94
Dodge: Dodged            |    35 |    36 ||    71
Block: Shield            |    46 |    53 ||    99

Table legend:
 A = Non-vault XP
 B = Vault XP
 C = Vault XP percentage of total XP
 D = Non-vault monster count
 E = Vault monster count
 F = Vault count percentage of total count
                 A         B        C        D         E       F
            +---------+---------+-------+---------+---------+-------
      Total |     245 |      64 |  20.7 |      62 |      21 |  25.3
            +---------+---------+-------+---------+---------+-------
        D:1 |      29 |       0 |   0.0 |      20 |       0 |   0.0
        D:2 |      92 |      10 |   9.8 |      23 |       5 |  17.9
        D:3 |     124 |      46 |  27.1 |      19 |      11 |  36.7
      Sewer |       0 |       8 | 100.0 |       0 |       5 | 100.0
            +---------+---------+-------+---------+---------+-------
